 Dungeon Crawl Stone Soup version 0.23-a0-286-gcae3914892 (webtiles) character file.

4783 Henning the Blocker (level 10, -4/82 HPs)
             Began as a Gnoll Fighter on Oct 3, 2018.
             Was a Believer of Okawaru.
             Killed by divine providence
             ... invoked by an orc priest
              (11 damage)
             ... on level 9 of the Dungeon.
             The game lasted 00:22:57 (8430 turns).

Henning the Blocker (Gnoll Fighter)                 Turns: 8430, Time: 00:22:59

Health: -4/82      AC: 12    Str: 18    XL:     10   Next: 47%
Magic:  0/17       EV:  9    Int: 11    God:    Okawaru [**....]
Gold:   594        SH: 11    Dex: 18    Spells: 19/19 levels left

rFire    . . .     SeeInvis .   E - +1 flail (venom)
rCold    . . .     Gourm    .   c - +0 shield
rNeg     . . .     Faith    .   p - +0 chain mail
rPois    +         Spirit   +   v - +0 helmet
rElec    .         Reflect  .   t - scarf {Spirit}
rCorr    +         Harm     .   (no gloves)
MR       .....                  (no boots)
Stlth    ..........             (no amulet)
HPRegen  0.23/turn              g - ring of poison resistance
MPRegen  0.15/turn              J - ring of resist corrosion

@: no status effects
A: distributed training, fangs 1, strong nose
a: Heroism, Renounce Religion


You were on level 9 of the Dungeon.
You worshipped Okawaru.
Okawaru was pleased with you.
You were not hungry.

You visited 2 branches of the dungeon, and saw 10 of its levels.
You also visited: Ossuary.

You collected 594 gold pieces.

Inventory:

Hand Weapons
 a - a +0 flail
 y - a +1 halberd of chopping
 E - a +1 flail of venom (weapon)
Missiles
 I - 13 tomahawks (quivered)
Armour
 c - a +0 shield (worn)
 p - a +0 chain mail (worn)
 t - a scarf of spirit shield (worn)
 v - a +0 helmet (worn)
 D - a +0 cloak
Jewellery
 g - a ring of poison resistance (left hand)
 J - a ring of resist corrosion (right hand)
 M - an uncursed ring of flight {unknown}
 N - a +3 ring of dexterity {unknown}
Wands
 k - a wand of disintegration (7)
 x - a wand of enslavement (7)
 C - a wand of random effects (31)
 F - a wand of iceblast (6)
Scrolls
 b - 3 scrolls of teleportation
 e - 2 scrolls of identify
 h - 5 scrolls of remove curse
 j - a scroll of torment {unknown}
 n - 3 scrolls of immolation
 s - a scroll of amnesia
 u - a scroll of noise {unknown}
 H - 2 scrolls of fear {unknown}
 K - a scroll of acquirement {unknown}
Potions
 d - a potion of cancellation
 i - 2 potions of degeneration
 l - 8 potions of curing
 m - 4 potions of lignification
 o - 4 potions of ambrosia
 q - 2 potions of haste
 r - 4 potions of heal wounds
 w - a potion of magic
 z - a potion of mutation
 A - a potion of might
 B - 2 potions of flight
 G - 2 potions of resistance
Comestibles
 f - 12 rations


   Skills:
 + Level 8.5 Fighting
 + Level 5.2 Short Blades
 + Level 5.2 Long Blades
 + Level 5.2 Axes
 + Level 7.0 Maces & Flails
 + Level 5.2 Polearms
 + Level 5.2 Staves
 + Level 5.2 Slings
 + Level 5.2 Bows
 + Level 5.2 Crossbows
 + Level 5.2 Throwing
 + Level 8.5 Armour
 + Level 5.2 Dodging
 + Level 5.2 Stealth
 + Level 8.5 Shields
 + Level 5.2 Unarmed Combat
 + Level 5.2 Spellcasting
 + Level 4.3 Conjurations
 + Level 4.3 Hexes
 + Level 4.3 Charms
 + Level 4.3 Summonings
 + Level 4.3 Necromancy
 + Level 4.3 Translocations
 + Level 4.3 Transmutations
 + Level 4.3 Fire Magic
 + Level 4.3 Ice Magic
 + Level 4.3 Air Magic
 + Level 4.3 Earth Magic
 + Level 4.3 Poison Magic
 + Level 5.7 Invocations
 + Level 5.2 Evocations


You had 19 spell levels left.
You didn't know any spells.
Your spell library contained the following spells:

 Spells                   Type           Power        Failure   Level  Hunger
 Confusing Touch          Hex            ##....       61%         1    None
 Magic Dart               Conj           ##..         61%         1    None
 Sting                    Conj/Pois      ##..         61%         1    None
 Blink                    Tloc           N/A          75%         2    ##.....
 Call Imp                 Summ           ##......     75%         2    ##.....
 Poisonous Vapours        Pois/Air       ##....       75%         2    ##.....
 Searing Ray              Conj           ##....       75%         2    ##.....
 Slow                     Hex            ##......     75%         2    ##.....
 Confuse                  Hex            ##......     93%         3    ###....
 Conjure Flame            Conj/Fire      ##......     93%         3    ###....
 Dazzling Spray           Conj/Hex       ##....       93%         3    ###....
 Gell's Gravitas          Tloc           ##........   93%         3    ###....
 Mephitic Cloud           Conj/Pois/Air  ##......     93%         3    ###....
 Force Lance              Conj/Tloc      ##......     100%        4    ####...
 Fulminant Prism          Conj/Hex       ##........   100%        4    ####...
 Iskenderun's Mystic Bla  Conj           ##......     100%        4    ####...
 Olgreb's Toxic Radiance  Pois           ##......     100%        4    ####...
 Petrify                  Tmut/Erth      ##......     100%        4    ####...
 Metabolic Englaciation   Hex/Ice        ##........   100%        5    ######.
 Venom Bolt               Conj/Pois      ##........   100%        5    ######.
 Yara's Violent Unravell  Hex/Tmut       ##........   100%        5    ######.


Dungeon Overview and Level Annotations

Branches:
Dungeon (9/15)             Temple (1/1) D:7            Lair (0/6) D:9
    Orc: D:9-12

Altars:
Ashenzari
Cheibriados
Dithmenos
Elyvilon
Fedhas
Gozag
Hepliaklqana
Kikubaaqudgha
Makhleb
Nemelex Xobeh
Okawaru
Qazlal
Ru
Sif Muna
Trog
Uskayaw
Vehumet
Wu Jian
Xom
Yredelemnul
Zin
The Shining One

Shops:
D:7 [

Annotations:
D:5 1 runed door


Innate Abilities, Weirdness & Mutations

Your experience applies equally to all skills.
You have very sharp teeth.
Your uncanny sense of smell can sniff out nearby items.


Message History

You feel much better.
The orc priest begins to cast a cantrip, but forgets the words!
The orc priest looks braver for a moment.
You closely miss the orc priest. The orc priest completely misses you.
The orc priest invokes the aid of Beogh against you.
Beogh smites you!
* * * LOW HITPOINT WARNING * * *
The orc priest calls down the wrath of Beogh upon you.
Pain shoots through your body!
* * * LOW HITPOINT WARNING * * *
The orc priest invokes the aid of Beogh against you.
Pain shoots through your body!
* * * LOW HITPOINT WARNING * * *
The orc priest mumbles some strange prayers to Beogh against you.
Beogh smites you!
* * * LOW HITPOINT WARNING * * *
The orc priest looks encouraged for a moment.
The orc priest calls down the wrath of Beogh upon you.
Beogh smites you!
You die...

#..oh.o..o#
#.#
#########h#
#<#
#########o#
#.#
........#o#
#.#
#######.#.####
#.#
........#.##.#
#.#
#######.#.##.#
#.#
.............#
#.#
#########.##h#
#@#
..........##o#
#.#
############.#
#.# #o# #.#
#.# #.# #.#
#o# #.###.##
#...o..#
########


You could see 2 orc priests.

Vanquished Creatures
  Joseph (D:8)
  A hippogriff (D:8)
  A wraith (Ossuary)
  2 wargs (D:9)
  A soldier ant (D:5)
  A water moccasin (D:8)
  A hornet zombie (D:6)
  An ice beast (D:7)
  A black bear (D:8)
  2 orc warriors (D:7)
  A phantom (D:8)
  2 necrophages
  2 centaurs
  4 ogres
  2 big kobolds (D:8)
  An elf zombie (Ossuary)
  2 bullfrogs
  2 wyvern skeletons
  A scorpion (D:8)
  4 killer bees (D:5)
  A howler monkey (D:7)
  3 crimson imps
  A human zombie (Ossuary)
  A jelly (D:5)
  3 hounds
  A centaur skeleton (D:5)
  6 orc priests
  Crazy Yiuf (D:5)
  4 iguanas
  A gnoll shaman (D:5)
  8 orc wizards
  17 worker ants
  A big kobold zombie (Ossuary)
  A hound skeleton (D:5)
  3 mummies (Ossuary)
  2 howler monkey zombies
  A worker ant zombie (D:6)
  Robin (D:4)
  10 gnolls
  6 adders
  2 shadow imps
  An ooze (D:5)
  An adder skeleton (D:4)
  An adder zombie (D:7)
  A worm (D:2)
  6 dart slugs
  4 leopard geckos
  53 orcs
  7 giant cockroaches
  17 goblins
  11 hobgoblins
  7 jackals (D:1)
  9 quokkas
  7 bats
  2 frilled lizards (D:1)
  2 hobgoblin zombies (Ossuary)
  20 kobolds
  7 kobold zombies (Ossuary)
  A leopard gecko zombie (D:7)
  2 quokka skeletons (D:8)
  13 rats
279 creatures vanquished.

Vanquished Creatures (others)
  A kobold zombie (Ossuary)
1 creature vanquished.

Grand Total: 280 creatures vanquished

Notes
Turn   | Place    | Note
-------+----------+-------------------------------------------
     0 | D:1      | Henning the Gnoll Fighter began the quest for the Orb.
     0 | D:1      | Reached XP level 1. HP: 23/23 MP: 1/1
    15 | D:1      | Reached XP level 2. HP: 29/29 MP: 2/2
   152 | D:1      | Reached XP level 3. HP: 35/35 MP: 3/3
   286 | D:1      | Reached skill level 1 in Invocations
   533 | D:1      | Reached skill level 1 in Short Blades
   533 | D:1      | Reached skill level 1 in Long Blades
   533 | D:1      | Reached skill level 1 in Axes
   533 | D:1      | Reached skill level 1 in Polearms
   533 | D:1      | Reached skill level 1 in Staves
   533 | D:1      | Reached skill level 1 in Slings
   533 | D:1      | Reached skill level 1 in Bows
   533 | D:1      | Reached skill level 1 in Crossbows
   533 | D:1      | Reached skill level 1 in Throwing
   533 | D:1      | Reached skill level 1 in Dodging
   533 | D:1      | Reached skill level 1 in Stealth
   533 | D:1      | Reached skill level 1 in Unarmed Combat
   533 | D:1      | Reached skill level 1 in Spellcasting
   533 | D:1      | Reached skill level 1 in Evocations
   815 | D:2      | Reached XP level 4. HP: 41/41 MP: 5/5
  1689 | D:3      | Reached skill level 1 in Conjurations
  1689 | D:3      | Reached skill level 1 in Hexes
  1689 | D:3      | Reached skill level 1 in Charms
  1689 | D:3      | Reached skill level 1 in Summonings
  1689 | D:3      | Reached skill level 1 in Necromancy
  1689 | D:3      | Reached skill level 1 in Translocations
  1689 | D:3      | Reached skill level 1 in Transmutations
  1689 | D:3      | Reached skill level 1 in Fire Magic
  1689 | D:3      | Reached skill level 1 in Ice Magic
  1689 | D:3      | Reached skill level 1 in Air Magic
  1689 | D:3      | Reached skill level 1 in Earth Magic
  1689 | D:3      | Reached skill level 1 in Poison Magic
  1689 | D:3      | Reached XP level 5. HP: 32/47 MP: 5/7
  2259 | D:4      | Reached XP level 6. HP: 45/53 MP: 6/8
  2337 | D:4      | Noticed Robin
  2346 | D:4      | Killed Robin
  2354 | D:4      | Reached skill level 5 in Maces & Flails
  2384 | D:4      | HP: 2/53 [poisoned by a worker ant]
  3335 | D:5      | Entered Level 5 of the Dungeon
  3335 | D:5      | Found a white marble altar of Elyvilon.
  3380 | D:5      | Reached XP level 7. HP: 19/59 MP: 2/10
  3581 | D:5      | Found a sand-covered staircase.
  3734 | Ossuary  | Entered an ossuary
  3734 | Ossuary  | Noticed a wraith
  3734 | Ossuary  | Noticed a wraith
  3734 | Ossuary  | Noticed a wraith
  3753 | Ossuary  | Noticed a wraith
  3779 | Ossuary  | HP: 3/60 [wraith (8)]
  3781 | Ossuary  | HP: 1/60 [wraith (3)]
  3783 | Ossuary  | Killed a wraith
  4108 | Ossuary  | Reached XP level 8. HP: 50/67 MP: 10/12
  4657 | D:5      | Found a runed door.
  4661 | D:5      | Noticed Crazy Yiuf
  4674 | D:5      | Killed Crazy Yiuf
  4828 | D:5      | Found a runed door.
  4866 | D:5      | Found a runed door.
  5411 | D:5      | Reached XP level 9. HP: 58/72 MP: 11/14
  6257 | D:7      | Found a sparkling altar of Nemelex Xobeh.
  6320 | D:7      | Found Roahupek's Antique Armour Boutique.
  6326 | D:7      | Found a deep blue altar of Sif Muna.
  6583 | D:7      | Found a staircase to the Ecumenical Temple.
  6638 | D:7      | Reached skill level 5 in Invocations
  6647 | Temple   | Entered the Ecumenical Temple
  6666 | Temple   | Became a worshipper of Warmaster Okawaru
  7309 | D:8      | Noticed Joseph
  7322 | D:8      | Killed Joseph
  7322 | D:8      | Reached XP level 10. HP: 64/80 MP: 12/17
  7431 | D:8      | Reached * piety under Okawaru
  7504 | D:8      | Reached skill level 5 in Short Blades
  7504 | D:8      | Reached skill level 5 in Long Blades
  7504 | D:8      | Reached skill level 5 in Axes
  7504 | D:8      | Reached skill level 5 in Polearms
  7504 | D:8      | Reached skill level 5 in Staves
  7504 | D:8      | Reached skill level 5 in Slings
  7504 | D:8      | Reached skill level 5 in Bows
  7504 | D:8      | Reached skill level 5 in Crossbows
  7504 | D:8      | Reached skill level 5 in Throwing
  7504 | D:8      | Reached skill level 5 in Dodging
  7504 | D:8      | Reached skill level 5 in Stealth
  7504 | D:8      | Reached skill level 5 in Unarmed Combat
  7504 | D:8      | Reached skill level 5 in Spellcasting
  7504 | D:8      | Reached skill level 5 in Evocations
  8354 | D:9      | Found a staircase to the Lair.
  8397 | D:9      | Reached ** piety under Okawaru
  8430 | D:9      | Killed from afar by an orc priest

Vault maps used:
D:1:      ebering_trefoil_3fold
D:2:      minmay_hedge_maze, chequers_big_river
D:3:      first_ration, solitary_fountain, hex_tiny
D:4:      uniq_robin
D:5:      lemuel_insect_pit, basic_altar, nicolae_ossuary_entry_monument,
          uniq_crazy_yiuf_cottage
D:6:      minmay_misc_feat_four_crosses
D:7:      lemuel_doored_altar, temple_fountains, serial_shops, shop,
          basic_altar, hangedman_decor_push, minivault_23
D:8:      uniq_joseph
D:9:      minmay_cornered_nines, erik_lair_orcish_takeover, uniq_psyche
Temple:   nicolae_temple_the_god_donut
Ossuary:  ossuary_kennysheep_city_of_the_dead

Skill      XL: |  1  2  3  4  5  6  7  8  9 10 |
---------------+-------------------------------+-----
Invocations    | 1 2 3 4 5 |  5.7
Short Blades   | 1 2 3 4 5 |  5.2
Long Blades    | 1 2 3 4 5 |  5.2
Axes           | 1 2 3 4 5 |  5.2
Polearms       | 1 2 3 4 5 |  5.2
Staves         | 1 2 3 4 5 |  5.2
Slings         | 1 2 3 4 5 |  5.2
Bows           | 1 2 3 4 5 |  5.2
Crossbows      | 1 2 3 4 5 |  5.2
Throwing       | 1 2 3 4 5 |  5.2
Dodging        | 1 2 3 4 5 |  5.2
Stealth        | 1 2 3 4 5 |  5.2
Unarmed Combat | 1 2 3 4 5 |  5.2
Spellcasting   | 1 2 3 4 5 |  5.2
Evocations     | 1 2 3 4 5 |  5.2
Conjurations   | 1 2 3 4 |  4.3
Hexes          | 1 2 3 4 |  4.3
Charms         | 1 2 3 4 |  4.3
Summonings     | 1 2 3 4 |  4.3
Necromancy     | 1 2 3 4 |  4.3
Translocations | 1 2 3 4 |  4.3
Transmutations | 1 2 3 4 |  4.3
Fire Magic     | 1 2 3 4 |  4.3
Ice Magic      | 1 2 3 4 |  4.3
Air Magic      | 1 2 3 4 |  4.3
Earth Magic    | 1 2 3 4 |  4.3
Poison Magic   | 1 2 3 4 |  4.3
Maces & Flails | 5 6 7 |  7.0
Fighting       | 7 8 |  8.5
Armour         | 7 8 |  8.5
Shields        | 7 8 |  8.5

Action                   |  1- 3 |  4- 6 |  7- 9 | 10-12 || total
-------------------------+-------+-------+-------+-------++-------
Melee: Flail             |    99 |   214 |   583 |   168 ||  1064
       Bite              |    10 |    38 |    92 |    20 ||   160
  Use: Potion            |       |     1 |     1 |     2 ||     4
       Scroll            |       |       |    21 |       ||    21
  Eat: Chunk             |       |     8 |     9 |     2 ||    19
       Ration            |       |       |     1 |     1 ||     2
Armor: Scale mail        |    44 |    12 |       |       ||    56
       Chain mail        |       |    90 |   234 |    60 ||   384
Dodge: Dodged            |    20 |    73 |   160 |    46 ||   299
Block: Shield            |    53 |   127 |   359 |    93 ||   632

Table legend:
 A = Non-vault XP
 B = Vault XP
 C = Vault XP percentage of total XP
 D = Non-vault monster count
 E = Vault monster count
 F = Vault count percentage of total count
                 A         B        C        D         E       F
            +---------+---------+-------+---------+---------+-------
      Total |    4921 |    1912 |  28.0 |     233 |      46 |  16.5
            +---------+---------+-------+---------+---------+-------
        D:1 |      80 |       0 |   0.0 |      38 |       0 |   0.0
        D:2 |      47 |       0 |   0.0 |      18 |       0 |   0.0
        D:3 |     127 |       0 |   0.0 |      21 |       0 |   0.0
        D:4 |     266 |      33 |  11.0 |      16 |      12 |  42.9
        D:5 |     759 |     655 |  46.3 |      38 |      14 |  26.9
        D:6 |     702 |       0 |   0.0 |      13 |       0 |   0.0
        D:7 |    1108 |       0 |   0.0 |      47 |       0 |   0.0
        D:8 |    1633 |     445 |  21.4 |      40 |       1 |   2.4
        D:9 |     199 |     338 |  62.9 |       2 |       3 |  60.0
    Ossuary |       0 |     441 | 100.0 |       0 |      16 | 100.0
            +---------+---------+-------+---------+---------+-------
